 Dungeon Crawl Stone Soup version 0.21.1-1-g345015f (webtiles) character file.

64 inc the Conjurer (level 4, -10/27 HPs)
             Began as an Octopode Wizard on Apr 27, 2018.
             Mangled by Terence
             ... wielding a +7 falchion of electrocution
              (13 damage)
             ... on level 3 of the Dungeon.
             The game lasted 00:02:32 (1696 turns).

inc the Conjurer (Octopode Wizard)                  Turns: 1696, Time: 00:02:32

Health: -10/27     AC:  1    Str:  6    XL:     4   Next: 12%
Magic:  0/8        EV: 13    Int: 21    God:
Gold:   187        SH:  0    Dex: 10    Spells: 8/9 levels left

rFire    . . .     SeeInvis .   (no weapon)
rCold    . . .     Gourm    .   (no shield)
rNeg     . . .     Faith    .   a - +0 hat
rPois    .         Spirit   .   (no amulet)
rElec    .         Reflect  .   (no ring)
rCorr    .         Harm     .   (no ring)
MR       .....                  (no ring)
Stlth    +++.......             (no ring)
HPRegen  0.09/turn              (no ring)
MPRegen  0.11/turn              (no ring)
                                (no ring)
                                (no ring)

@: very slightly contaminated
A: almost no armour, stealthy swim, amphibious, 8 rings, constrict 8, camouflage
1, gelatinous body 1
a: no special abilities


You were on level 3 of the Dungeon.
You were not hungry.

You visited 1 branch of the dungeon, and saw 3 of its levels.

You collected 187 gold pieces.

Inventory:

Armour
 a - a +0 hat (worn)
Scrolls
 d - 2 scrolls of teleportation {unknown}
 e - 3 scrolls of identify {unknown}
 f - a scroll of enchant armour {unknown}
 g - 2 scrolls of magic mapping {unknown}
 j - a scroll of fog {unknown}
 l - a scroll of noise {unknown}
 m - 2 scrolls of immolation {unknown}
 o - 3 scrolls of remove curse {unknown}
 p - a scroll of enchant weapon {unknown}
Potions
 h - 2 potions of curing {unknown}
 i - a potion of heal wounds {unknown}
 k - a potion of flight {unknown}
 n - a potion of agility {unknown}
Books
 b - a book of Minor Magic

   Spells                             Type                      Level
   a - Magic Dart                     Conjuration                  1
   b - Blink                          Translocation                2
   c - Call Imp                       Summoning                    2
   d - Slow                           Hexes                        2
   e - Conjure Flame                  Conjuration/Fire             3
   f - Mephitic Cloud                 Conjuration/Poison/Air       3
Comestibles
 c - 5 rations


   Skills:
 - Level 2.0 Dodging
 - Level 2.6 Stealth
 - Level 3.0 Spellcasting
 + Level 3.8 Conjurations
   Level 1.0 Summonings
   Level 1.0 Translocations


You had 8 spell levels left.
You knew the following spells:

 Your Spells              Type           Power        Failure   Level  Hunger
a - Magic Dart            Conj           ###.         2%          1    None


Dungeon Overview and Level Annotations

Branches:
Dungeon (3/15)

Altars:
Cheibriados
Trog

Annotations:
D:3 Terence


Innate Abilities, Weirdness & Mutations

You cannot wear most types of armour.
You are very stealthy in the water. (Stealth+)
You are amphibious.
You can wear up to eight rings at the same time.
You can use your tentacles to constrict eight enemies at once.
Your skin changes colour to match your surroundings (Stealth+).
Your rubbery body absorbs attacks. (AC +1, EV +1)


Message History

Unknown command.
You tentacle-slap Terence but do no damage.
You grab Terence.
Terence is severely wounded.
You constrict Terence.
Terence hits you with a falchion of electrocution!
You are electrocuted!
Ouch! That really hurt!
* * * LOW HITPOINT WARNING * * *
A kobold comes into view. It is wielding a club.
The kobold shouts!
You tentacle-slap Terence but do no damage.
Terence is severely wounded.
You constrict Terence, but do no damage.
Unknown command.
You tentacle-slap Terence but do no damage.
Terence is severely wounded.
You constrict Terence, but do no damage.
Terence hits you with a falchion of electrocution!
You die...

#..#..<# #.....
#...##
#####.<..#
#........#
#.###....# #.#
#..###
##.###..#
#.@.##.(#
#......@.(...#
######...###..#
##$## ##. #.#
#.# #K# #..


You could see Terence and a kobold.

Vanquished Creatures
  A gnoll (D:1)
  An adder (D:2)
  An ooze (D:1)
  A dart slug (D:1)
  A leopard gecko (D:2)
  3 bats
  A giant cockroach (D:1)
  3 goblins (D:1)
  4 hobgoblins
  4 frilled lizards
  8 kobolds
  15 rats
43 creatures vanquished.

Notes
Turn   | Place    | Note
-------+----------+-------------------------------------------
     0 | D:1      | inc the Octopode Wizard began the quest for the Orb.
     0 | D:1      | Reached XP level 1. HP: 11/11 MP: 4/4
    87 | D:1      | Reached XP level 2. HP: 5/17 MP: 0/6
   421 | D:1      | Reached XP level 3. HP: 15/21 MP: 1/7
  1033 | D:2      | Found a bloodstained altar of Trog.
  1063 | D:2      | Found a snail-covered altar of Cheibriados.
  1456 | D:2      | Reached XP level 4. HP: 27/27 MP: 3/8
  1686 | D:3      | Noticed Terence
  1696 | D:3      | Mangled by Terence

Skill      XL: |  1  2  3 |
---------------+----------+-----
Conjurations   | 2 3 |  3.8
Dodging        | |  2.0
Stealth        | |  2.6
Spellcasting   | |  3.0
Summonings     | |  1.0
Translocations | |  1.0

Action                   |  1- 3 |  4- 6 || total
-------------------------+-------+-------++-------
Melee: Unarmed           |    30 |     3 ||    33
       Constrict         |     8 |     1 ||     9
       Tentacles         |     4 |       ||     4
 Cast: Magic Dart        |    65 |    11 ||    76
  Eat: Chunk             |     1 |     1 ||     2
Dodge: Dodged            |    28 |       ||    28
